 Dungeon Crawl Stone Soup version 0.18.1-5-g4a78601 (webtiles) character file.

8519 varam the Basher (level 11, 0/91 HPs)
             Began as a Hill Orc Gladiator on May 13, 2016.
             Was a Priest of Okawaru.
             Slain by a komodo dragon (18 damage)
             ... on level 9 of the Dungeon.
             The game lasted 00:35:14 (15021 turns).

varam the Basher (Hill Orc Gladiator)              Turns: 15021, Time: 00:35:15

Health: 0/91       AC:  9    Str: 20    XL:     11   Next: 32%
Magic:  9/11       EV: 19    Int: 10    God:    Okawaru [***...]
Gold:   398        SH:  3    Dex: 16    Spells: 0 memorised, 10 levels left

rFire  + + .     SeeInvis +     L - +1 flail "Lyteab" {elec, -Tele rF+ Int+2 SInv}
rCold  . . .     Gourm    .     T - +2 leather armour {rF+}
rNeg   . . .     Faith    .     (no shield)
rPois  .         Spirit   .     c - +0 helmet
rElec  .         Dismiss  .     J - +0 cloak
rCorr  .         Reflect  +     (no gloves)
SustAt .         Harm     .     (no boots)
MR     +....     NoTele   +     r - +3 amulet of reflection
Stlth  +++.......               o - +3 ring of dexterity
                                S - ring of protection from magic

@: heroism, somewhat resistant to hostile enchantments, fairly stealthy
A: no striking features
a: Heroism, Renounce Religion


You were on level 9 of the Dungeon.
You worshipped Okawaru.
Okawaru was most pleased with you.
You were not hungry.

You visited 2 branches of the dungeon, and saw 10 of its levels.
You also visited: Sewer.

You collected 398 gold pieces.

Inventory:

Hand Weapons
 a - a +0 war axe
 x - a cursed -2 arbalest
 L - the +1 flail "Lyteab" (weapon) {elec, -Tele rF+ Int+2 SInv}
   (You took it off Dowan on level 6 of the Dungeon)

   Occasionally, upon striking a foe, it will discharge some electrical energy
   and cause terrible harm.
   It affects your intelligence (+2).
   It protects you from fire.
   It lets you see invisible.
   It prevents most forms of teleportation.
Missiles
 d - a throwing net
 Q - 7 tomahawks (quivered)
Armour
 c - a +0 helmet (worn)
 J - a +0 cloak (worn)
 R - a +0 buckler
 T - a +2 leather armour of fire resistance (worn)
Jewellery
 e - an uncursed ring of ice
 o - a +3 ring of dexterity (right hand)
 r - a +3 amulet of reflection (around neck)
 S - a ring of protection from magic (left hand)
Scrolls
 i - 3 scrolls of teleportation
 j - a scroll of blinking {unknown}
 n - 2 scrolls of noise {unknown}
 s - 4 scrolls of magic mapping
 w - 2 scrolls of recharging
 D - 3 scrolls of enchant armour {unknown}
 G - a scroll of remove curse {unknown}
 K - a scroll of random uselessness {unknown}
 P - a scroll of amnesia {unknown}
Potions
 g - a potion of cure mutation {unknown}
 h - a potion of mutation {unknown}
 l - a potion of magic {unknown}
 p - 6 potions of lignification
 q - a potion of invisibility {unknown}
 t - a potion of haste {unknown}
 z - 3 potions of flight
 B - 2 potions of berserk rage {unknown}
 C - a potion of degeneration {unknown}
 E - 3 potions of curing
 F - 2 potions of agility {unknown}
 N - a potion of brilliance {unknown}
Books
 H - a book of Envenomations

   Spells                             Type                      Level
   a - Spider Form                    Transmutation/Poison         3
   b - Olgreb's Toxic Radiance        Poison                       4
   c - Alistair's Intoxication        Transmutation/Poison         5
   d - Poisonous Cloud                Conjuration/Poison/Air       6
Miscellaneous
 b - a disc of storms
Comestibles
 f - 2 bread rations
 k - 4 fruits
 m - 2 chunks of flesh
 I - 2 meat rations
 O - a beef jerky


   Skills:
 + Level 6.5(11.5) Fighting
 - Level 4.5(16.5) Axes
 * Level 13.6(18.8) Maces & Flails
 - Level 5.5(10.5) Throwing
 + Level 5.4(10.4) Armour
 + Level 5.6(10.6) Dodging
 + Level 1.5(6.5) Shields


You had 10 spell levels left.
You didn't know any spells.

Dungeon Overview and Level Annotations

Branches:
Dungeon (9/15)             Temple (1/1) D:6            Lair (0/8) D:9
    Orc: D:9-12

Altars:
Ashenzari
Cheibriados
Dithmenos
Elyvilon
Fedhas
Gozag
Kikubaaqudgha
Makhleb
Nemelex Xobeh
Okawaru
Pakellas
Qazlal
Ru
Sif Muna
Trog
Vehumet
Xom
Yredelemnul
Zin
The Shining One

Shops:
D:5 ?   D:7 (

Annotations:
Abyss:1 Eustachio


Message History

The porcupine barely misses you.
You sock the porcupine!
You kill the porcupine!
Okawaru accepts your kill. The komodo dragon bites you.
You gain the combat prowess of a mighty hero.
You feel slightly more hungry. The komodo dragon bites you!
You hit the komodo dragon.
The komodo dragon is lightly wounded.
The komodo dragon bites you!!
* * * LOW HITPOINT WARNING * * *
You bludgeon the komodo dragon!!
The komodo dragon is heavily wounded.
The komodo dragon barely misses you.
You hit the komodo dragon but do no damage.
The komodo dragon is heavily wounded.
You hit the komodo dragon.
The komodo dragon is heavily wounded.
The komodo dragon bites you!!
You die...

################
...............#
#............# #
#......[.....# #.
#...)(.......# ##..
#...o.@......#
......#####......l.....#
.. ....................#
.. .....................
.# ####..).............
.# #..#########..... .#
#).#.......'..... .#
#..#.......#..... .#
#..#.......#


You could see a komodo dragon and an orc.

Vanquished Creatures
  Erica (D:8)
  Pikel (D:4)
  A cyclops (D:6)
  A komodo dragon (D:8)
  A troll (D:7)
  Sigmund (D:6)
  6 yaks (D:7)
  2 wraiths
  Grum (D:8)
  A steam dragon (D:7)
  2 hungry ghosts
  A porcupine (D:9)
  Duvessa (D:6)
  3 orc warriors
  An ice beast (D:9)
  A phantom (D:7)
  A sky beast (D:7)
  A black bear (D:6)
  7 ogres
  2 slaves (D:4)
  2 wolves (D:8)
  3 centaurs
  3 crocodiles
  A big kobold (D:8)
  Blork the orc (D:6)
  3 giant frogs
  A gnoll sergeant (D:8)
  Dowan (D:6)
  A water moccasin zombie (D:7)
  2 scorpions
  3 killer bees (D:9)
  6 howler monkeys
  An electric eel (D:8)
  2 crimson imps (D:7)
  2 quasits
  A giant frog zombie (D:9)
  7 hounds
  2 jellies
  2 orc priests
  Crazy Yiuf (D:5)
  A giant frog skeleton (D:6)
  A gnoll shaman (D:7)
  5 iguanas
  2 orc wizards
  10 worker ants
  4 sheep
  2 hound zombies (D:8)
  A hound skeleton (D:9)
  14 gnolls
  18 adders
  2 river rats
  A shadow imp (D:9)
  3 adder skeletons
  2 adder zombies
  2 worms
  3 dart slugs
  7 giant geckos
  26 orcs
  A ball python (D:3)
  7 giant cockroaches
  7 goblins
  10 hobgoblins
  23 jackals
  14 kobolds
  4 quokkas
  13 bats
  A giant gecko zombie (D:8)
  10 giant newts
  A jackal zombie (D:6)
  A quokka zombie (D:5)
  9 rats
  A plant (D:8)
287 creatures vanquished.

Vanquished Creatures (others)
  2 slaves (D:4)
  A centaur (D:5)
  A giant frog zombie (D:6)
  A worker ant (D:4)
  2 adders
  An adder skeleton (D:5)
  A hobgoblin (D:3)
  A jackal (D:3)
  7 plants (D:8)
17 creatures vanquished.

Grand Total: 304 creatures vanquished

Notes
Turn   | Place    | Note
--------------------------------------------------------------
     0 | D:1      | varam the Hill Orc Gladiator began the quest for the Orb.
     0 | D:1      | Reached XP level 1. HP: 18/18 MP: 1/1
   132 | D:1      | Reached XP level 2. HP: 23/25 MP: 2/2
   381 | D:1      | Reached XP level 3. HP: 27/31 MP: 3/3
  1828 | D:3      | Reached skill level 1 in Maces & Flails
  1850 | D:3      | Reached XP level 4. HP: 38/38 MP: 4/4
  2740 | D:3      | Reached XP level 5. HP: 38/46 MP: 5/5
  2888 | D:3      | Reached skill level 2 in Maces & Flails
  3544 | D:4      | Noticed an ogre
  3547 | D:4      | Noticed Eustachio
  3688 | D:4      | Reached skill level 3 in Maces & Flails
  3794 | D:4      | Found a glowing drain.
  3796 | D:4      | Reached XP level 6. HP: 46/52 MP: 6/6
  3808 | Sewer    | Entered a sewer
  4197 | D:5      | Entered Level 5 of the Dungeon
  4203 | D:5      | Reached skill level 4 in Maces & Flails
  4500 | D:5      | Reached XP level 7. HP: 55/59 MP: 7/7
  4813 | D:5      | Reached skill level 5 in Maces & Flails
  4911 | D:4      | Noticed Pikel
  5805 | D:5      | Noticed Crazy Yiuf
  5955 | D:5      | Reached skill level 1 in Armour
  5971 | D:5      | Killed Crazy Yiuf
  6031 | D:5      | Found Rofasuti's Magic Scroll Boutique.
  6227 | D:4      | Reached XP level 8. HP: 48/66 MP: 8/8
  6445 | D:4      | Banished Eustachio
  6445 | D:4      | Reached skill level 6 in Maces & Flails
  6846 | D:4      | Killed Pikel
  6846 | D:4      | Reached skill level 8 in Maces & Flails
  7065 | D:6      | Reached skill level 9 in Maces & Flails
  7076 | D:6      | Noticed Blork the orc
  7119 | D:6      | Found a staircase to the Ecumenical Temple.
  7127 | Temple   | Entered the Ecumenical Temple
  7134 | Temple   | Became a worshipper of Warmaster Okawaru
  7157 | D:6      | Noticed Sigmund
  7178 | D:6      | Noticed Dowan
  7180 | D:6      | Noticed Duvessa
  7470 | D:5      | Reached XP level 9. HP: 70/71 MP: 9/9
  8464 | D:6      | Killed Duvessa
  8764 | D:6      | Reached skill level 10 in Maces & Flails
  8817 | D:6      | HP: 3/71 [poisoned by a gnoll]
  8821 | D:6      | HP: 1/71 [poisoned by a gnoll]
  8834 | D:6      | Killed Sigmund
  9045 | D:6      | Killed Dowan
  9048 | D:6      | Got a jewelled flail {elec}
  9051 | D:6      | Identified the +1 flail "Lyteab" {elec, -Tele rF+ Int+2 SInv} (You took it off Dowan on level 6 of the Dungeon)
  9414 | D:6      | Killed Blork the orc
  9420 | D:6      | Reached * piety under Okawaru
  9530 | D:6      | Reached skill level 11 in Maces & Flails
  9691 | D:6      | Noticed a cyclops
 10337 | D:6      | Killed a cyclops
 10615 | D:7      | Reached skill level 12 in Maces & Flails
 11109 | D:7      | Reached XP level 10. HP: 68/79 MP: 7/10
 11242 | D:7      | Reached ** piety under Okawaru
 11452 | D:7      | Reached skill level 5 in Fighting
 11478 | D:7      | Found a glowing silver altar of Zin.
 11478 | D:7      | Found a snail-covered altar of Cheibriados.
 11479 | D:7      | Found a deep blue altar of Sif Muna.
 11612 | D:7      | Found Jabbo's Antique Weapon Boutique.
 11825 | D:8      | Found an ancient bone altar of Kikubaaqudgha.
 12635 | D:8      | Reached skill level 5 in Dodging
 12640 | D:8      | Reached *** piety under Okawaru
 12640 | D:8      | Reached skill level 13 in Maces & Flails
 12773 | D:8      | Reached skill level 5 in Throwing
 12791 | D:8      | Noticed Grum
 12894 | D:8      | Killed Grum
 12990 | D:8      | Noticed Erica
 13012 | D:8      | Killed Erica
 13058 | D:8      | Reached XP level 11. HP: 26/89 MP: 11/11
 13360 | D:8      | Reached skill level 5 in Armour
 14247 | D:9      | Reached **** piety under Okawaru
 14538 | D:9      | Received a gift from Okawaru
 14643 | D:9      | Reached skill level 1 in Shields
 14798 | D:9      | Found a radiant altar of Vehumet.
 14921 | D:9      | Found a staircase to the Lair.
 15021 | D:9      | Slain by a komodo dragon

Skill      XL: |  1  2  3  4  5  6  7  8  9 10 11 |
---------------+----------------------------------+-----
Throwing       | 2 3 4 5 |  5.5
Fighting       | 3 4 5 6 |  6.5
Maces & Flails | 1 3 4 5 9 12 13 | 13.6
Dodging        | 3 4 5 |  5.6
Armour         | 1 2 4 5 |  5.4
Shields        | 1 |  1.5
Axes           | |  4.5

Action                   |  1- 3 |  4- 6 |  7- 9 | 10-12 || total
-------------------------+-------+-------+-------+-------++-------
Melee: War axe           |    81 |       |       |       ||    81
       Whip              |    36 |   206 |   295 |       ||   537
       Flail             |       |       |   111 |   382 ||   493
       Unarmed           |       |       |     3 |       ||     3
Throw: Tomahawk          |       |     5 |     3 |     7 ||    15
       Throwing net      |       |     1 |       |     1 ||     2
Invok: Heroism           |       |       |     3 |     9 ||    12
  Use: Potion            |       |       |     3 |       ||     3
       Scroll            |       |       |       |     5 ||     5
 Stab: Sleeping          |       |       |       |     1 ||     1
  Eat: Chunk             |     3 |     7 |     6 |    13 ||    29
       Meat ration       |       |     1 |       |       ||     1
       Royal jelly       |       |       |     1 |       ||     1
       Bread ration      |       |       |     4 |       ||     4
       Pizza             |       |       |     1 |       ||     1
Armor: Leather armour    |    40 |     5 |       |    22 ||    67
       Ring mail         |       |    83 |    84 |    35 ||   202
Dodge: Dodged            |    86 |   141 |   204 |   189 ||   620
Block: Other             |       |       |    20 |    24 ||    44
       Reflection        |       |       |       |     1 ||     1
